 Dungeon Crawl Stone Soup version 0.29.0-4-gdea44cf6ec (webtiles) character file.

Game seed: 16969245601049017140

210 qw the Chopper (level 5, -3/30 HPs)
             Began as a Tengu Warper on Aug 28, 2022.
             Engulfed by a cloud of steam (9 damage)
             ... on level 3 of the Dungeon.
             The game lasted 00:00:25 (3155 turns).

qw the Chopper (Tengu Warper)                       Turns: 3155, Time: 00:00:25

Health: -3/30      AC:  8    Str: 14    XL:     5   Next: 88%
Magic:  9/9        EV:  8    Int: 13    God:
Gold:   167        SH:  0    Dex: 19    Spells: 8/8 levels left

rFire   . . .      SeeInvis .   c - +0 war axe
rCold   + . .      Faith    .   (no shield)
rNeg    . . .      Spirit   .   m - +0 chain mail
rPois   .          Reflect  .   (helmet restricted)
rElec   .          Harm     .   (no cloak)
rCorr   .          Rampage  .   (no gloves)
Will    .....                   (boots unavailable)
Stlth   ..........              (no amulet)
HPRegen 0.10/turn               b - +6 ring of dexterity
MPRegen 0.11/turn               j - ring of protection from cold

@: flying quickly and evasively, quick
A: beak, talons 3, nimble flight
a: no special abilities


You were on level 3 of the Dungeon.
You visited 1 branch of the dungeon, and saw 3 of its levels.

You collected 167 gold pieces.


Innate Abilities, Weirdness & Mutations

You have a beak for a mouth.
You have claws for feet.
Your magical nature lets you fly swiftly and evasively.


   Skills:
 - Level 2.0 Fighting
 + Level 6.2 Axes
 - Level 1.0 Throwing
 - Level 2.0 Armour
 - Level 2.1 Dodging
 - Level 2.0 Spellcasting
 - Level 2.4 Translocations


You had 8 spell levels left.
You didn't know any spells.
Your spell library contained the following spells:

 Spells                   Type           Power      Damage    Failure   Level
 Blink                    Tloc           14%        N/A       98%         2
 Gell's Gravitas          Tloc           7%         N/A       100%        3
 Lesser Beckoning         Tloc           7%         N/A       100%        3
 Teleport Other           Tloc           7%         N/A       100%        3
 Manifold Assault         Tloc           7%         N/A       100%        5

Inventory:

Hand Weapons
 c - a +0 war axe (weapon)
 e - a +0 flail
Armour
 m - a +0 chain mail (worn)
Jewellery
 b - a +6 ring of dexterity (left hand)
 f - a +6 ring of strength
 j - a ring of protection from cold (right hand)
Scrolls
 a - 2 scrolls of identify
 d - a scroll of enchant weapon {unknown}
Potions
 g - a potion of cancellation
 i - 3 potions of might
 l - a potion of haste {unknown}

Dungeon Overview and Level Annotations

Branches:
Dungeon (3/15)

Altars:
Ashenzari

Shops:
D:1 :


Message History

You start waiting.
An orc is nearby!
You hit the orc but do no damage. You peck the orc, but do no damage.
An orc comes into view. It is wielding a +0 morningstar.
The orc shouts!
You slash the orc!
You kill the orc!
You closely miss the orc wizard. You claw the orc wizard.
You peck the orc wizard.
The orc wizard is heavily wounded.
You hit the orc.
The orc wizard gestures at you while chanting.
The puff of flame hits you. The orc barely misses you.
You barely miss the orc wizard. Your kick misses the orc wizard.
You peck the orc wizard.
The orc wizard is heavily wounded.
You closely miss the orc.
You are engulfed in a cloud of scalding steam.
The orc wizard hits you but does no damage.
The orc barely misses you.
You hit the orc wizard. Your peck misses the orc wizard.
The orc wizard is almost dead.
You barely miss the orc.
You are engulfed in a cloud of scalding steam.
The orc wizard gestures at you while chanting.
The puff of flame hits you. The orc barely misses you.
The orc wizard hits you but does no damage.
You closely miss the orc wizard. Your peck misses the orc wizard.
The orc wizard is almost dead.
You closely miss the orc.
You are engulfed in a cloud of scalding steam.
The orc closely misses you.
The orc wizard hits you but does no damage.
You hit the orc wizard but do no damage.
You claw the orc wizard.
You kill the orc wizard!
You hear a splash. x2
You closely miss the orc.
You are engulfed in a cloud of scalding steam.
You die...

#.#.#'##.
#..~~...~.#.#.....(
###.~.~~.~....#......
...~~~~...# #......
##....~..~.# #......
..#..~..~~+....#+###
..~.~~.~.##.###.# .
#o.~~...##...#.## o..
#@).~..~##+#....#
[....##)~~...........##
...oo...~~~............
.....###~~#.........#..
.... #~~###.......##.
... ##~~~###'#'#.##. ..
###~# #.#.#.### . ###
#.#.#.... #.#.####.


You could see an orc.

Vanquished Creatures
  An orc priest (D:3)
  Terence (D:2)
  An orc wizard (D:3)
  Robin (D:2)
  3 gnolls (D:3)
  2 adders
  A worm (D:3)
  4 dart slugs
  5 orcs (D:3)
  3 bats
  6 endoplasms
  2 giant cockroaches
  14 goblins
  3 hobgoblins (D:1)
  7 jackals (D:1)
  4 quokkas
  6 ball pythons
  6 frilled lizards
  5 kobolds
  5 rats
80 creatures vanquished.

Notes
Turn   | Place    | Note
-------+----------+-------------------------------------------
     0 | D:1      | qw the Tengu Warper began the quest for the Orb.
     0 | D:1      | Reached XP level 1. HP: 12/12 MP: 4/4
     0 | D:1      | 0 ||| qw: Version: 0.1-a-89-g26bdef1
     0 | D:1      | 0 ||| qw: Game counter: 1981
     0 | D:1      | 0 ||| qw: Always use a shield: true
     0 | D:1      | 0 ||| qw: God list: Okawaru
     0 | D:1      | 0 ||| qw: Allow faded altars: false
     0 | D:1      | 0 ||| qw: Do Orc after D:15 true
     0 | D:1      | 0 ||| qw: Do second Lair branch before Depths: true
     0 | D:1      | 0 ||| qw: Lair rune preference: random
     0 | D:1      | 0 ||| qw: Plans: Normal
     0 | D:1      | 0 ||| PLANNING D:1-11
   114 | D:1      | 114 ||| Stepping ~*~*~tactically~*~*~ (hiding).
   115 | D:1      | 115 ||| Stepping ~*~*~tactically~*~*~ (hiding).
   122 | D:1      | Reached XP level 2. HP: 14/17 MP: 6/6
   185 | D:1      | Found a faded altar of an unknown god.
   215 | D:1      | Reached skill level 3 in Axes
   411 | D:1      | 411 ||| Stepping ~*~*~tactically~*~*~ (stealth).
   413 | D:1      | 413 ||| Stepping ~*~*~tactically~*~*~ (stealth).
   417 | D:1      | 417 ||| Stepping ~*~*~tactically~*~*~ (stealth).
   564 | D:1      | Found Veerphosch's Book Shoppe.
   571 | D:1      | Reached XP level 3. HP: 21/21 MP: 7/7
   634 | D:1      | Reached skill level 4 in Axes
   635 | D:1      | HP: 5/21 [jackal (2)]
   923 | D:1      | 923 ||| Stepping ~*~*~tactically~*~*~ (hiding).
  1274 | D:1      | 1274 ||| UPGRADING to +0 ring mail.
  1284 | D:1      | 1284 ||| DROPPING +0 leather armour.
  1285 | D:1      | 1285 ||| DRINKING 2 glowing golden potions.
  1286 | D:1      | 1286 ||| DROPPING scroll of blinking.
  1397 | D:2      | 1397 ||| Stepping ~*~*~tactically~*~*~ (stealth).
  1431 | D:2      | 1431 ||| Stepping ~*~*~tactically~*~*~ (stealth).
  1455 | D:2      | 1455 ||| Stepping ~*~*~tactically~*~*~ (stealth).
  1467 | D:2      | Reached XP level 4. HP: 20/26 MP: 8/8
  1549 | D:2      | Noticed Robin
  1554 | D:2      | Killed Robin
  1562 | D:2      | 1562 ||| FLEEEEING.
  1563 | D:2      | 1563 ||| FLEEEEING.
  1565 | D:2      | 1565 ||| FLEEEEING.
  1566 | D:2      | 1566 ||| FLEEEEING.
  1575 | D:2      | Reached skill level 5 in Axes
  1596 | D:2      | 1596 ||| Stepping ~*~*~tactically~*~*~ (stealth).
  1600 | D:2      | 1600 ||| FLEEEEING.
  1601 | D:2      | 1601 ||| FLEEEEING.
  1603 | D:2      | 1603 ||| FLEEEEING.
  1604 | D:2      | 1604 ||| FLEEEEING.
  1692 | D:2      | 1692 ||| DROPPING +0 club.
  1786 | D:2      | Found a broken altar of Ashenzari.
  2425 | D:2      | Noticed Terence
  2444 | D:2      | HP: 3/26 [Terence/+0 hand axe (5)]
  2445 | D:2      | 2445 ||| DRINKING 2 potions of heal wounds.
  2450 | D:2      | Killed Terence
  2451 | D:2      | Gained mutation: Your magical nature lets you fly swiftly
                  | and evasively. [Tengu growth]
  2451 | D:2      | Reached XP level 5. HP: 13/30 MP: 9/9
  2629 | D:2      | 2629 ||| UPGRADING to +0 chain mail.
  2639 | D:2      | 2639 ||| DROPPING +0 ring mail.
  2640 | D:2      | 2640 ||| UPGRADING to +6 ring of dexterity.
  2641 | D:2      | 2641 ||| UPGRADING to ring of protection from cold.
  2642 | D:2      | 2642 ||| READING 3 scrolls labelled CACUEF GAIS.
  2643 | D:2      | 2643 ||| READING 2 scrolls labelled VIMNUI SUAKIAKEO.
  2647 | D:2      | 2647 ||| READING scroll labelled BAGYURUM NIOM.
  2785 | D:2      | 2785 ||| DRINKING 3 black potions.
  2786 | D:2      | 2786 ||| READING 2 scrolls of identify.
  2786 | D:2      | 2786 ||| IDENTIFYING ruby potion
  2877 | D:3      | 2877 ||| Stepping ~*~*~tactically~*~*~ (stealth).
  2881 | D:3      | 2881 ||| Stepping ~*~*~tactically~*~*~ (stealth).
  2883 | D:3      | 2883 ||| Stepping ~*~*~tactically~*~*~ (stealth).
  2891 | D:3      | 2891 ||| SWAPPING to +0 war axe.
  2902 | D:3      | Reached skill level 6 in Axes
  2903 | D:3      | 2903 ||| DROPPING +0 hand axe.
  2947 | D:3      | HP: 5/30 [dart slug/slug dart (5)]
  2948 | D:3      | 2948 ||| READING scroll of teleportation.
  2949 | D:3      | 2949 ||| DRINKING potion of heal wounds.
  3033 | D:3      | 3033 ||| DROPPING +0 whip.
  3123 | D:3      | 3123 ||| Stepping ~*~*~tactically~*~*~ (stealth).
  3139 | D:3      | 3139 ||| Stepping ~*~*~tactically~*~*~ (stealth).
  3146 | D:3      | 3146 ||| Stepping ~*~*~tactically~*~*~ (hiding).
  3154 | D:3      | HP: 6/30 [orc wizard] (11)]
  3155 | D:3      | Engulfed by a cloud of steam

Levels and vault maps discovered:
D:1:      lightli_arrival_quake, layout_basic,
          hellmonk_ecumenical_altar_defaced_shrine, serial_shops, shop
D:2:      layout_basic, basic_altar, minmay_pentomino_s4, uniq_terence,
          uniq_robin
D:3:      layout_basic, chequers_serial_rivers_small_3

Skill      XL: |  1  2  3  4  5 |
---------------+----------------+-----
Axes           | 3 4 5 6 |  6.2
Armour         | 2 |  2.0
Fighting       | |  2.0
Throwing       | |  1.0
Dodging        | |  2.1
Spellcasting   | |  2.0
Translocations | |  2.4

Action                   |  1- 3 |  4- 6 || total
-------------------------+-------+-------++-------
Melee: Hand axe          |    85 |    76 ||   161
       Kick              |    23 |    30 ||    53
       Peck              |    11 |    12 ||    23
       Punch             |     1 |       ||     1
       War axe           |       |    29 ||    29
Throw: Boomerang         |     7 |       ||     7
  Use: Potion            |     1 |     3 ||     4
       Scroll            |       |     5 ||     5
Armor: Leather armour    |    15 |       ||    15
       Ring mail         |     6 |    11 ||    17
       Chain mail        |       |    11 ||    11
Dodge: Dodged            |    50 |    45 ||    95

Table legend:
 A = Non-vault XP
 B = Vault XP
 C = Vault XP percentage of total XP
 D = Non-vault monster count
 E = Vault monster count
 F = Vault count percentage of total count
                 A         B        C        D         E       F
            +---------+---------+-------+---------+---------+-------
      Total |     252 |      84 |  25.0 |      61 |      19 |  23.8
            +---------+---------+-------+---------+---------+-------
        D:1 |      55 |       7 |  11.3 |      28 |       3 |   9.7
        D:2 |      34 |      77 |  69.4 |      15 |      16 |  51.6
        D:3 |     163 |       0 |   0.0 |      18 |       0 |   0.0
            +---------+---------+-------+---------+---------+-------
